 Dungeon Crawl Stone Soup version 0.20-a0-540-ge6d1839 (webtiles) character file.

405 Lahna the Ducker (level 6, -2/30 HPs)
             Began as a Felid Monk on Jan 30, 2017.
             Was a Believer of Cheibriados.
             Killed by divine providence
             ... invoked by an orc priest
              (13 damage)
             ... on level 5 of the Dungeon.
             The game lasted 00:12:36 (5853 turns).

Lahna the Ducker (Felid Monk)                       Turns: 5853, Time: 00:12:37

Health: -2/30      AC:  2    Str: 13    XL:     6   Next: 56%
Magic:  17/17      EV: 24    Int: 17    God:    Cheibriados [**....]
Gold:   189        SH:  0    Dex: 27    Spells: 4/5 levels left
                                        Lives:  0   Deaths: 1

rFire    . . .     SeeInvis +     - Unarmed
rCold    . . .     Gourm    .   (armour unavailable)
rNeg     . . .     Faith    .   (shield unavailable)
rPois    .         Spirit   .   (helmet unavailable)
rElec    .         Reflect  .   (cloak unavailable)
rCorr    .         Harm     .   (gloves unavailable)
MR       .....                  (boots unavailable)
Stlth    ++++......             (no amulet)
Regen    0.1/turn               v - ring of magical power
                                i - ring of flight

@: very slow
A: no armour, no weapons or thrown items, stealth, claws 1, fangs 3, see
invisible, carnivore 3, speed 1, shaggy fur 2, slow metabolism 1, sharp paws
a: Bend Time, Renounce Religion, Evoke Flight


You were on level 5 of the Dungeon.
You worshipped Cheibriados.
Cheibriados was pleased with you.
You were completely stuffed.

You visited 2 branches of the dungeon, and saw 6 of its levels.

You collected 189 gold pieces.

Inventory:

Jewellery
 i - a ring of flight (left paw)
 v - a ring of magical power (right paw)
 A - an uncursed ring of magical power
Wands
 g - a wand of lightning (7/15)
 n - a wand of iceblast (2/15)
Scrolls
 c - 3 scrolls of fog {unknown}
 d - 2 scrolls of blinking {unknown}
 e - 3 scrolls of fear {unknown}
 j - 3 scrolls of remove curse {unknown}
 k - 3 scrolls of teleportation {unknown}
 l - 2 scrolls of random uselessness {unknown}
 m - a scroll of enchant weapon {unknown}
 r - 4 scrolls of immolation {unknown}
 w - a scroll of identify
 x - a scroll of recharging {unknown}
Potions
 b - a potion of flight {unknown}
 h - 3 potions of curing
 o - 2 potions of lignification
 q - 2 potions of resistance
 s - 2 potions of brilliance
 t - a potion of haste
 u - a potion of degeneration {unknown}
 z - a potion of heal wounds
Books
 y - a book of Misfortune

   Spells                             Type                      Level
   a - Confusing Touch                Hexes                        1
   b - Confuse                        Hexes                        3
   c - Gell's Gravitas                Hexes/Translocation          3
   d - Petrify                        Transmutation/Earth          4
   e - Metabolic Englaciation         Hexes/Ice                    5
   f - Yara's Violent Unravelling     Hexes/Transmutation          5
Comestibles
 a - 2 meat rations
 p - a royal jelly


   Skills:
 + Level 5.0 Fighting
 + Level 5.8 Dodging
 + Level 5.6 Stealth
 + Level 4.7 Unarmed Combat
 + Level 0.0 Spellcasting
 + Level 0.0 Hexes
 + Level 2.2 Invocations


You had 4 spell levels left.
You knew the following spells:

 Your Spells              Type           Power        Failure   Level  Hunger
a - Confusing Touch       Hex            #.....       24%         1    ##.....


Dungeon Overview and Level Annotations

Branches:
Dungeon (5/15)             Temple (1/1) D:4

Altars:
Cheibriados
Trog
Uskayaw
Vehumet
Xom
The Shining One
Lugonu

Shops:
D:4 (


Innate Abilities, Weirdness & Mutations

You cannot wear armour.
You are incapable of wielding weapons or throwing items.
Your paws allow you to move quietly. (Stealth)
You have sharp claws.
You have razor-sharp teeth.
You have supernaturally acute eyesight. (SInv)
You are carnivorous and can eat meat at any time.
You cover ground quickly.
You are covered in thick fur. (AC +2)
You have a slow metabolism.
Your sharp claws are effective at attacking unaware monsters.


Message History

An orc priest comes into view. It is wielding a dagger.
An orc priest comes into view. It is wielding a short sword.
The orc misses you.
You closely miss the orc.
The orc shouts!
The orc priest shouts! x2
You bite the orc.
The orc is heavily wounded.
The orc priest invokes the aid of Beogh against you.
Beogh smites you!
The orc shouts!
You scratch the orc. You bite the orc, but do no damage.
The orc is almost dead.
The orc misses you.
The orc throws a tomahawk.
The tomahawk hits you!
* * * LOW HITPOINT WARNING * * *
You scratch the orc.
You kill the orc!
Cheibriados appreciates the change of pace.
The orc priest invokes the aid of Beogh against you.
Beogh smites you!
You die...

▒.▒...............▒
▒▒'▒.▒......▒▒▒▒▒▒.▒
▒....▒......▒ ▒.▒ ...
▒...........▒ ▒.▒
....▒▒...........▒ ▒.▒
....'............▒▒▒▒▒▒.▒
....▒......▒............▒
....'...▒..▒..▒▒▒▒▒▒▒▒▒▒▒
....▒.▒..@.▒..▒..▒ .. ..
....▒.▒...).[.▒..▒ ▒..▒▒. ▒▒
▒.▒.......▒.▒▒
......▒▒▒▒▒▒▒.▒ooo....▒.▒
...........(..........▒.▒▒▒▒▒▒▒▒
......................▒........▒
..................▒............▒
....................o▒▒▒▒▒▒▒▒▒▒▒
....................▒.........


You could see 2 orc priests and 2 orcs.

Vanquished Creatures
  An ogre (D:4)
  A scorpion (D:4)
  A howler monkey (D:4)
  2 orc priests (D:3)
  A bullfrog skeleton (D:5)
  Jessica (D:3)
  An orc wizard (D:3)
  A worker ant (D:4)
  6 gnolls
  9 adders
  A worm (D:3)
  5 dart slugs
  A leopard gecko (D:4)
  13 orcs
  A ball python (D:2)
  9 bats
  4 giant cockroaches
  3 goblins
  14 hobgoblins
  5 jackals
  2 quokkas
  8 frilled lizards
  11 kobolds
  2 rats
103 creatures vanquished.

Notes
Turn   | Place    | Note
-------+----------+-------------------------------------------
     0 | D:1      | Lahna the Felid Monk began the quest for the Orb.
     0 | D:1      | Reached XP level 1. HP: 10/10 MP: 2/2
   227 | D:1      | Reached XP level 2. HP: 10/14 MP: 3/3
  1004 | D:1      | Reached XP level 3. HP: 17/17 MP: 4/4
  1988 | D:2      | Reached XP level 4. HP: 6/22 MP: 5/5
  3322 | D:4      | Found a radiant altar of Vehumet.
  3353 | D:4      | Reached XP level 5. HP: 20/25 MP: 6/6
  3534 | D:4      | Found a staircase to the Ecumenical Temple.
  3546 | Temple   | Entered the Ecumenical Temple
  3562 | Temple   | Became a worshipper of Cheibriados the Contemplative
  3562 | Temple   | Reached * piety under Cheibriados
  3562 | Temple   | Reached ** piety under Cheibriados
  3625 | D:4      | Reached skill level 5 in Dodging
  3714 | D:4      | Found Lokasoj's Antique Weapon Shop.
  4068 | D:4      | Noticed an ogre
  4074 | D:4      | Killed an ogre
  4074 | D:4      | Reached skill level 5 in Stealth
  4074 | D:4      | Reached skill level 1 in Invocations
  4074 | D:4      | Gained mutation: You are covered in thick fur. (AC +2) [Felid growth]
  4074 | D:4      | Reached XP level 6. HP: 29/29 MP: 7/7
  4808 | D:3      | Slain by a gnoll
  4809 | D:3      | Reached XP level 5. HP: -2/25 MP: 7/7
  5027 | D:3      | Reached XP level 6. HP: 18/30 MP: 8/8
  5420 | D:3      | Noticed Jessica
  5430 | D:3      | Killed Jessica
  5606 | D:5      | Entered Level 5 of the Dungeon
  5609 | D:5      | Found a hide-covered altar of Uskayaw.
  5624 | D:5      | Reached skill level 5 in Fighting
  5758 | D:5      | Learned a level 1 spell: Confusing Touch
  5853 | D:5      | Killed from afar by an orc priest

Vault maps used:
D:1:      sevenhm_arrival_forest_fort_small_5
D:3:      first_bread, kennysheep_jessica_study
D:4:      cheibrodos_helix_gallery, vehumet_crystals,
          minmay_temple_entry_purple_smoke, serial_shops, shop,
          item_on_display_a
D:5:      serial_shops, shop, basic_altar, xom_teletrap_fun
Temple:   corrupted_temple

Skill      XL: |  1  2  3  4  5  6 |
---------------+-------------------+-----
Stealth        | 3 4 5 |  5.6
Fighting       | 4 5 |  5.0
Dodging        | 5 |  5.8
Unarmed Combat | 4 |  4.7
Invocations    | 2 |  2.2

Action                   |  1- 3 |  4- 6 || total
-------------------------+-------+-------++-------
Melee: Unarmed           |   133 |   202 ||   335
       Bite              |    17 |    26 ||    43
       Punch             |     2 |     6 ||     8
Invok: Bend Time         |       |     1 ||     1
  Use: Scroll            |       |     7 ||     7
       Potion            |       |     8 ||     8
 Stab: Sleeping          |    14 |    10 ||    24
  Eat: Chunk             |     9 |    12 ||    21
Armor: Skin              |     5 |     5 ||    10
Dodge: Dodged            |   107 |   220 ||   327
